[Event "Kupreichik Memorial Rapid 2019"]
[Site "Minsk"]
[Date "2019.08.15"]
[Round "1.1"]
[White "Safarli, Eltaj"]
[Black "Oblamski, Vladimir"]
[Result "1-0"]
[ECO "B01"]
[WhiteElo "2593"]
[BlackElo "2088"]
[Annotator "ChessBase"]
[PlyCount "41"]
[EventDate "2019.08.15"]
[EventType "swiss"]
[EventCountry "BLR"]
[SourceTitle "playchess.com"]
[Source "ChessBase"]
[SourceQuality "1"]
[TimeControl "900+10"]

1. e4 d5 2. exd5 Qxd5 3. Nc3 Qa5 4. g3 Nf6 5. Bg2 e5 6. Nge2 Nc6 7. O-O Be7 8. a3 O-O 9. Rb1 Qc5 10. d3 a6 11. h3 h6 12. g4 Be6 13. Be3 Qd6 14. f4 Nd5 15. Nxd5 Bxd5 16. Bxd5 Qxd5 17. Nc3 Qd7 18. f5 f6 19. Qf3 Nd4 20. Qxb7 Nxc2 21. Qb3+ 1-0

[Event "Kupreichik Memorial Rapid 2019"]
[Site "Minsk"]
[Date "2019.08.15"]
[Round "1.5"]
[White "Aleksandrov, Aleksej"]
[Black "Khrapko, Marharyta"]
[Result "1-0"]
[ECO "E48"]
[WhiteElo "2571"]
[BlackElo "2073"]
[Annotator "ChessBase"]
[PlyCount "55"]
[EventDate "2019.08.15"]
[EventType "swiss"]
[EventCountry "BLR"]
[SourceTitle "playchess.com"]
[Source "ChessBase"]
[SourceQuality "1"]
[TimeControl "900+10"]

1. d4 e6 2. c4 Nf6 3. Nc3 Bb4 4. e3 O-O 5. Bd3 d5 6. cxd5 exd5 7. Nge2 c5 8. a3 Ba5 9. dxc5 Bxc3+ 10. Nxc3 a5 11. Rb1 Bg4 12. f3 Be6 13. b4 Nc6 14. Ne2 Re8 15. O-O d4 16. e4 axb4 17. axb4 Ba2 18. Rb2 Ne5 19. Bf4 Nfd7 20. Rd2 b6 21. Bxe5 Rxe5 22. Nxd4 bxc5 23. Nc6 Qb6 24. Nxe5 c4+ 25. Kh1 Nxe5 26. Bc2 h5 27. Rd5 f6 28. Rxe5 1-0

[Event "Kupreichik Memorial Rapid 2019"]
[Site "Minsk"]
[Date "2019.08.15"]
[Round "1.6"]
[White "Spizharny, Mikhail"]
[Black "Sychev, Klementy"]
[Result "0-1"]
[ECO "B40"]
[WhiteElo "2079"]
[BlackElo "2579"]
[Annotator "ChessBase"]
[PlyCount "60"]
[EventDate "2019.08.15"]
[EventType "swiss"]
[EventCountry "BLR"]
[SourceTitle "playchess.com"]
[Source "ChessBase"]
[SourceQuality "1"]
[TimeControl "900+10"]

1. e4 c5 2. Nf3 e6 3. b3 a6 4. Bb2 Nc6 5. a3 Qc7 6. Bd3 Nf6 7. O-O Bd6 8. c3 b5 9. Qe2 Bb7 10. Bc2 Ne5 11. Nxe5 Bxe5 12. g3 c4 13. d4 cxd3 14. Bxd3 O-O 15. Nd2 d5 16. Rac1 Rfd8 17. exd5 Rxd5 18. Nf3 Qc6 19. Rfd1 Rad8 20. Bc2 Rxd1+ 21. Bxd1 h5 22. Qxe5 Rxd1+ 23. Rxd1 Qxf3 24. Rd8+ Kh7 25. Kf1 Qh1+ 26. Ke2 Bf3+ 27. Kd2 Qd1+ 28. Ke3 Qe2+ 29. Kf4 g5+ 30. Qxg5 Qe4# 0-1

[Event "Kupreichik Memorial Rapid 2019"]
[Site "Minsk"]
[Date "2019.08.15"]
[Round "1.16"]
[White "Kolosovskaya, Olga"]
[Black "Mikhailovsky, Vladimir"]
[Result "0-1"]
[ECO "C40"]
[WhiteElo "1719"]
[BlackElo "2209"]
[Annotator "NA"]
[PlyCount "50"]
[EventDate "2019.08.15"]
[EventType "swiss"]
[EventCountry "BLR"]
[SourceTitle "playchess.com"]
[Source "ChessBase"]
[SourceQuality "1"]
[TimeControl "900+10"]

1. e4 e5 2. Nf3 d5 3. d3 Nc6 4. Be2 Nf6 5. exd5 Nxd5 6. O-O Be7 7. Nc3 Be6 8. Nxd5 Bxd5 9. c4 Be6 10. a3 g5 11. b4 g4 12. Nd2 h5 13. Nb3 Qd7 14. Bb2 O-O-O 15. b5 Nd4 16. Nxd4 exd4 17. Qa4 Bc5 18. Rfe1 h4 19. Bf1 g3 20. fxg3 hxg3 21. hxg3 Qd6 22. Re4 Qxg3 23. Rae1 Rh6 24. Bc1 Rf6 25. Qc2 Bd6 0-1

[Event "Kupreichik Memorial Rapid 2019"]
[Site "Minsk"]
[Date "2019.08.15"]
[Round "1.17"]
[White "Veremeichik, Vladimir"]
[Black "Stsepkina, Yauheniya"]
[Result "1-0"]
[ECO "D84"]
[WhiteElo "2282"]
[BlackElo "1537"]
[Annotator "NA"]
[PlyCount "99"]
[EventDate "2019.08.15"]
[EventType "swiss"]
[EventCountry "BLR"]
[SourceTitle "playchess.com"]
[Source "ChessBase"]
[SourceQuality "1"]
[TimeControl "900+10"]

1. d4 Nf6 2. c4 g6 3. Nc3 d5 4. Bf4 Bg7 5. e3 O-O 6. cxd5 Nxd5 7. Nxd5 Qxd5 8. Bxc7 b6 9. Ne2 Bb7 10. Nc3 Qd7 11. Bg3 Rd8 12. Qc2 Nc6 13. Be2 Rac8 14. Rd1 Nb4 15. Qb3 Nd5 16. O-O e6 17. Rc1 Nxc3 18. bxc3 Qe7 19. c4 Bf6 20. a4 Bh4 21. Rfd1 Bxg3 22. hxg3 Qc7 23. Qa3 Bc6 24. Ra1 Qb7 25. Bf1 Rc7 26. a5 Rdd7 27. axb6 axb6 28. Qb4 Rd8 29. Rdb1 Rb8 30. Ra3 Qc8 31. Rab3 Rcb7 32. Qd6 Qd7 33. Qxd7 Bxd7 34. Be2 Bc6 35. f3 Kf8 36. e4 Ke7 37. d5 exd5 38. cxd5 Bd7 39. Ba6 Rc7 40. Rxb6 Rxb6 41. Rxb6 Rc1+ 42. Kh2 Rd1 43. g4 Rd2 44. Kg3 g5 45. Rb7 Kd8 46. Bb5 Bxb5 47. Rxb5 Kc7 48. d6+ Kxd6 49. Rxg5 Ke6 50. Rh5 {[%emt 0:00:01] Kd5} 1-0

[Event "Kupreichik Memorial Rapid 2019"]
[Site "Minsk"]
[Date "2019.08.15"]
[Round "1.19"]
[White "Mochalov, Evgeny V"]
[Black "Kashtelyan, Valentin"]
[Result "1-0"]
[ECO "A43"]
[WhiteElo "2374"]
[BlackElo "1488"]
[Annotator "NA"]
[PlyCount "37"]
[EventDate "2019.08.15"]
[EventType "swiss"]
[EventCountry "BLR"]
[SourceTitle "playchess.com"]
[Source "ChessBase"]
[SourceQuality "1"]
[TimeControl "900+10"]

1. d4 c5 2. d5 e6 3. Nc3 d6 4. e4 Nf6 5. Nf3 Be7 6. Bb5+ Bd7 7. dxe6 fxe6 8. e5 dxe5 9. Nxe5 Nc6 10. Nxc6 Bxc6 11. Bxc6+ bxc6 12. Qe2 Qd7 13. O-O O-O 14. Re1 Kf7 15. Bg5 Rfe8 16. Rad1 Qc8 17. Bxf6 Bxf6 18. Ne4 Bxb2 19. Nd6+ 1-0

[Event "Kupreichik Memorial Rapid 2019"]
[Site "Minsk"]
[Date "2019.08.15"]
[Round "1.21"]
[White "Pakhomov, Alexey"]
[Black "Arlou, Valery"]
[Result "1-0"]
[ECO "A40"]
[WhiteElo "2315"]
[BlackElo "1759"]
[Annotator "NA"]
[PlyCount "60"]
[EventDate "2019.08.15"]
[EventType "swiss"]
[EventCountry "BLR"]
[SourceTitle "playchess.com"]
[Source "ChessBase"]
[SourceQuality "1"]
[TimeControl "900+10"]

1. d4 g6 2. Nf3 Bg7 3. Bf4 d6 4. e3 Nf6 5. h3 O-O 6. Be2 Nbd7 7. O-O c5 8. c3 a6 9. Nbd2 b5 10. a4 Rb8 11. axb5 axb5 12. e4 c4 13. Re1 Bb7 14. Bf1 Qb6 15. Bh2 Ra8 16. Rb1 Rfd8 17. b3 Qa5 18. bxc4 Qxc3 19. Rb3 Qa5 20. Rxb5 Qa7 21. Rb1 Ba6 22. Ra1 Qb6 23. Rb1 Qa7 24. Qc2 Rdc8 25. e5 Ne8 26. exd6 e6 27. c5 Bb7 28. Ne5 Nxe5 29. Bxe5 Bxe5 30. d7 Bxd4 1-0

[Event "Kupreichik Memorial Rapid 2019"]
[Site "Minsk"]
[Date "2019.08.15"]
[Round "1.22"]
[White "Nikolaev, Dmitry"]
[Black "Kochetkov, Vitali"]
[Result "1-0"]
[ECO "A05"]
[WhiteElo "1677"]
[BlackElo "2266"]
[Annotator "NA"]
[PlyCount "75"]
[EventDate "2019.08.15"]
[EventType "swiss"]
[EventCountry "BLR"]
[SourceTitle "playchess.com"]
[Source "ChessBase"]
[SourceQuality "1"]
[TimeControl "900+10"]

1. Nf3 Nf6 2. g3 b5 3. Bg2 Bb7 4. O-O e6 5. b3 Be7 6. d3 d5 7. c4 dxc4 8. bxc4 bxc4 9. Qa4+ Nbd7 10. Qxc4 O-O 11. Ba3 Nb6 12. Qc2 Rc8 13. Bxe7 Qxe7 14. Nbd2 Bd5 15. a4 a5 16. Rfb1 e5 17. e4 Ba8 18. Rb5 Nfd7 19. Nc4 Nxc4 20. Qxc4 c5 21. Rxa5 Nb6 22. Qb5 Qc7 23. Bh3 Rcd8 24. Qxc5 Qxc5 25. Rxc5 Rxd3 26. Nxe5 Rd4 27. a5 Na4 28. Rc4 Rxc4 29. Nxc4 Nc3 30. f3 g5 31. Kf2 Rd8 32. Ke3 Nd1+ 33. Ke2 Nc3+ 34. Kf2 h5 35. Bf1 g4 36. Nb6 gxf3 37. Nxa8 Nxe4+ 38. Ke3 1-0

[Event "Kupreichik Memorial Rapid 2019"]
[Site "Minsk"]
[Date "2019.08.15"]
[Round "1.24"]
[White "Kozlov, Valentin"]
[Black "Agapov, Sergey"]
[Result "0-1"]
[ECO "B01"]
[WhiteElo "1871"]
[BlackElo "2265"]
[Annotator "NA"]
[PlyCount "46"]
[EventDate "2019.08.15"]
[EventType "swiss"]
[EventCountry "BLR"]
[SourceTitle "playchess.com"]
[Source "ChessBase"]
[SourceQuality "1"]
[TimeControl "900+10"]

1. e4 d5 2. exd5 Qxd5 3. Nc3 Qd6 4. d4 Nf6 5. Nf3 a6 6. Bd3 Nc6 7. Be3 Bg4 8. h3 Bh5 9. g4 Bg6 10. Bxg6 hxg6 11. Qe2 Nxg4 12. O-O-O Nf6 13. Qd2 Nd5 14. Ng5 e6 15. Nge4 Qd7 16. Nc5 Bxc5 17. dxc5 O-O-O 18. Ne4 Qe7 19. Ng5 Nf4 20. Bxf4 Rxd2 21. Rxd2 Qxc5 22. Nxf7 Rf8 23. Be3 Qa5 0-1

[Event "Kupreichik Memorial Rapid 2019"]
[Site "Minsk"]
[Date "2019.08.15"]
[Round "1.26"]
[White "Pogorelov, Aleksey"]
[Black "Kochetkov, German"]
[Result "0-1"]
[ECO "A80"]
[WhiteElo "1548"]
[BlackElo "2277"]
[Annotator "NA"]
[PlyCount "76"]
[EventDate "2019.08.15"]
[EventType "swiss"]
[EventCountry "BLR"]
[SourceTitle "playchess.com"]
[Source "ChessBase"]
[SourceQuality "1"]
[TimeControl "900+10"]

1. d4 f5 2. Bf4 Nf6 3. Nf3 g6 4. e3 Bg7 5. Nbd2 O-O 6. Be2 d6 7. O-O Nc6 8. c3 Qe8 9. Bb5 Bd7 10. Bxc6 Bxc6 11. Re1 Nh5 12. Qb3+ e6 13. Bg3 h6 14. h3 g5 15. e4 f4 16. Bh2 Qf7 17. c4 b6 18. Rac1 e5 19. d5 Bd7 20. a3 Bf6 21. Rc3 Ng7 22. Nf1 a5 23. Qc2 a4 24. b3 axb3 25. Qxb3 h5 26. Qb2 g4 27. hxg4 hxg4 28. N3d2 Qg6 29. Qc1 Rf7 30. Qd1 Bg5 31. Nb1 Nh5 32. g3 f3 33. Ne3 Qxe4 34. Nc2 Qg6 35. Qd3 Bf5 36. Qd1 Rh7 37. Rb3 Nf6 38. Ne3 Qh6 0-1

[Event "Kupreichik Memorial Rapid 2019"]
[Site "Minsk"]
[Date "2019.08.15"]
[Round "1.27"]
[White "Smirnov, Valerij"]
[Black "Strizhnev, Ivan"]
[Result "1-0"]
[ECO "E61"]
[WhiteElo "2261"]
[BlackElo "1394"]
[Annotator "NA"]
[PlyCount "34"]
[EventDate "2019.08.15"]
[EventType "swiss"]
[EventCountry "BLR"]
[SourceTitle "playchess.com"]
[Source "ChessBase"]
[SourceQuality "1"]
[TimeControl "900+10"]

1. d4 Nf6 2. c4 g6 3. Nc3 Bg7 4. Bg5 O-O 5. Qd2 Re8 6. Nf3 d6 7. e4 c5 8. Be2 cxd4 9. Nxd4 Nc6 10. Nc2 a6 11. O-O Qc7 12. Rac1 e6 13. Rfd1 Rd8 14. Qf4 e5 15. Qh4 Ne8 16. Nd5 Qd7 17. Nb6 Bf8 1-0

[Event "Kupreichik Memorial Rapid 2019"]
[Site "Minsk"]
[Date "2019.08.15"]
[Round "1.28"]
[White "Shaban, Aliaksandra"]
[Black "Kuleshov, Konstantin"]
[Result "1/2-1/2"]
[ECO "D85"]
[WhiteElo "1734"]
[BlackElo "2076"]
[Annotator "NA"]
[PlyCount "47"]
[EventDate "2019.08.15"]
[EventType "swiss"]
[EventCountry "BLR"]
[SourceTitle "playchess.com"]
[Source "ChessBase"]
[SourceQuality "1"]
[TimeControl "900+10"]

1. d4 Nf6 2. c4 g6 3. Nc3 d5 4. cxd5 Nxd5 5. e4 Nxc3 6. bxc3 Bg7 7. Nf3 c5 8. Be3 Nc6 9. Rc1 cxd4 10. cxd4 Qa5+ 11. Qd2 Qxd2+ 12. Kxd2 O-O 13. Bb5 Rd8 14. Bxc6 bxc6 15. Rc5 Rb8 16. Rhc1 Rb2+ 17. R1c2 Rxc2+ 18. Kxc2 Be6 19. a3 Bd7 20. Ne5 Be8 21. Nxc6 Bxc6 22. Rxc6 Bxd4 23. Bxd4 Rxd4 24. f3 1/2-1/2

[Event "Kupreichik Memorial Rapid 2019"]
[Site "Minsk"]
[Date "2019.08.15"]
[Round "1.29"]
[White "Tsaruk, Maksim"]
[Black "Yasiukovich, Sergei"]
[Result "1-0"]
[ECO "B12"]
[WhiteElo "2230"]
[BlackElo "1529"]
[Annotator "NA"]
[PlyCount "73"]
[EventDate "2019.08.15"]
[EventType "swiss"]
[EventCountry "BLR"]
[SourceTitle "playchess.com"]
[Source "ChessBase"]
[SourceQuality "1"]
[TimeControl "900+10"]

1. e4 c6 2. d4 d5 3. Nd2 h6 4. Ngf3 Bg4 5. Be2 e6 6. O-O Nd7 7. h3 Bh5 8. e5 Ne7 9. b3 Nc8 10. c4 Be7 11. Ne1 Bxe2 12. Qxe2 O-O 13. Qg4 Re8 14. Ndf3 Kh7 15. Nd3 dxc4 16. bxc4 Ncb6 17. Nd2 f5 18. Qg3 Nf8 19. c5 Nd5 20. Nc4 Ng6 21. Nd6 Bxd6 22. exd6 Nc3 23. Re1 Ne4 24. Qe3 e5 25. Bb2 exd4 26. Qxd4 Qd7 27. Re3 Re6 28. f3 Ng5 29. Rae1 Rae8 30. h4 Rxe3 31. Rxe3 Ne6 32. Qa4 a6 33. h5 Nxc5 34. hxg6+ Kxg6 35. Nxc5 Qxd6 36. Rxe8 Qxc5+ 37. Qd4 1-0

[Event "Kupreichik Memorial Rapid 2019"]
[Site "Minsk"]
[Date "2019.08.15"]
[Round "1.31"]
[White "Leinov, Roman"]
[Black "Patokova, Viktoriya"]
[Result "1-0"]
[ECO "A08"]
[WhiteElo "2189"]
[BlackElo "1503"]
[Annotator "NA"]
[PlyCount "63"]
[EventDate "2019.08.15"]
[EventType "swiss"]
[EventCountry "BLR"]
[SourceTitle "playchess.com"]
[Source "ChessBase"]
[SourceQuality "1"]
[TimeControl "900+10"]

1. Nf3 d5 2. g3 c5 3. Bg2 Nc6 4. d4 e6 5. O-O Nf6 6. c4 cxd4 7. Nxd4 Bc5 8. Nb3 Bb6 9. cxd5 Nxd5 10. Nc3 Ncb4 11. Nxd5 Nxd5 12. e4 Nf6 13. Qe2 e5 14. Qb5+ Nd7 15. Bd2 O-O 16. Bb4 Re8 17. Rad1 Qf6 18. Bh3 Rd8 19. Bxd7 Bxd7 20. Rxd7 Rxd7 21. Qxd7 Rd8 22. Qe7 Qf3 23. Bc5 Rc8 24. Bxb6 axb6 25. Qxb7 Re8 26. Qd7 Ra8 27. Qd5 Re8 28. Nd2 Qe2 29. Nc4 h6 30. Nxe5 Rf8 31. b4 b5 32. Rc1 1-0

[Event "Kupreichik Memorial Rapid 2019"]
[Site "Minsk"]
[Date "2019.08.15"]
[Round "1.33"]
[White "Kameko, Aleksandr"]
[Black "Ustiugov, Boris"]
[Result "1-0"]
[ECO "B50"]
[WhiteElo "2045"]
[BlackElo "1567"]
[Annotator "NA"]
[PlyCount "63"]
[EventDate "2019.08.15"]
[EventType "swiss"]
[EventCountry "BLR"]
[SourceTitle "playchess.com"]
[Source "ChessBase"]
[SourceQuality "1"]
[TimeControl "900+10"]

1. e4 c5 2. Nf3 d6 3. c4 Nc6 4. d4 cxd4 5. Nxd4 Nf6 6. Nc3 g6 7. Be2 Bg7 8. Be3 Bd7 9. O-O O-O 10. Rc1 Rc8 11. f3 a6 12. Qd2 Re8 13. Rfd1 Nh5 14. Nb3 b6 15. Nd5 Rb8 16. Bh6 Nf6 17. Bxg7 Kxg7 18. Nxf6 exf6 19. Qxd6 Re7 20. Nd4 Rc8 21. Nxc6 Rxc6 22. Qxc6 Bxc6 23. Rxd8 f5 24. Rd6 Bb7 25. Bd3 b5 26. c5 fxe4 27. Bxe4 Bc8 28. Rd8 Rc7 29. c6 h5 30. Rcd1 Be6 31. h4 Kf6 32. R8d7 1-0

[Event "Kupreichik Memorial Rapid 2019"]
[Site "Minsk"]
[Date "2019.08.15"]
[Round "1.34"]
[White "Makarau, Yauheni"]
[Black "Vashchilov, Sergey"]
[Result "0-1"]
[ECO "C01"]
[WhiteElo "1459"]
[BlackElo "2162"]
[Annotator "NA"]
[PlyCount "86"]
[EventDate "2019.08.15"]
[EventType "swiss"]
[EventCountry "BLR"]
[SourceTitle "playchess.com"]
[Source "ChessBase"]
[SourceQuality "1"]
[TimeControl "900+10"]

1. e4 e6 2. d4 d5 3. exd5 exd5 4. Bd3 Bd6 5. Nf3 Ne7 6. O-O Bg4 7. Nbd2 Nbc6 8. c3 Qd7 9. Qc2 h6 10. Re1 O-O 11. Ne5 Nxe5 12. dxe5 Bc5 13. Nb3 Bb6 14. Be3 Bf5 15. Bxb6 axb6 16. Nd4 Bxd3 17. Qxd3 Nc6 18. e6 fxe6 19. Nxe6 Rf6 20. Nd4 Raf8 21. Nf3 Kh8 22. Re2 Qg4 23. Kf1 Rg6 24. Nh4 Rg5 25. g3 Qh3+ 26. Ke1 Qxh2 27. Kd2 Rxf2 28. Nf3 Rxe2+ 29. Qxe2 Qxe2+ 30. Kxe2 Rxg3 31. Kf2 Rg4 32. Re1 Re4 33. Rxe4 dxe4 34. Nd2 Ne5 35. Ke3 Nd3 36. b4 Ne5 37. Kxe4 Nd7 38. Nf3 Kg8 39. Kf5 Kf7 40. Nh4 Nf8 41. c4 g6+ 42. Ke4 Kf6 43. a4 Nd7 0-1

[Event "Kupreichik Memorial Rapid 2019"]
[Site "Minsk"]
[Date "2019.08.15"]
[Round "1.35"]
[White "Lazavik, Denis"]
[Black "Laptev, Viktor"]
[Result "1-0"]
[ECO "D71"]
[WhiteElo "2347"]
[BlackElo "1424"]
[Annotator "NA"]
[PlyCount "83"]
[EventDate "2019.08.15"]
[EventType "swiss"]
[EventCountry "BLR"]
[SourceTitle "playchess.com"]
[Source "ChessBase"]
[SourceQuality "1"]
[TimeControl "900+10"]

1. d4 Nf6 2. c4 g6 3. g3 Bg7 4. Bg2 O-O 5. Nc3 c6 6. e4 d6 7. Nge2 Nbd7 8. O-O e5 9. h3 a6 10. Be3 b5 11. c5 exd4 12. Nxd4 Ne5 13. cxd6 Qxd6 14. f4 Nc4 15. Bf2 Qc7 16. e5 Rd8 17. Qc2 Nd5 18. Nxd5 cxd5 19. b3 Bb7 20. bxc4 dxc4 21. Rad1 Bxg2 22. Kxg2 Qb7+ 23. Kg1 Rdc8 24. Ne2 b4 25. Rd4 b3 26. Qc3 b2 27. Rb1 Qb5 28. Rxb2 Qc6 29. Rc2 Qe6 30. Kh2 Rab8 31. Rxc4 Rxc4 32. Qxc4 Qxc4 33. Rxc4 Bf8 34. Rc2 a5 35. a4 Kg7 36. Kg2 Bb4 37. Nd4 h5 38. Nc6 Rb7 39. Nxb4 Rxb4 40. Ra2 f6 41. exf6+ Kxf6 42. Be1 1-0

[Event "Kupreichik Memorial Rapid 2019"]
[Site "Minsk"]
[Date "2019.08.15"]
[Round "1.36"]
[White "Novik, Nikita"]
[Black "Kalinin, Dmitry"]
[Result "0-1"]
[ECO "E00"]
[WhiteElo "1355"]
[BlackElo "2119"]
[Annotator "NA"]
[PlyCount "118"]
[EventDate "2019.08.15"]
[EventType "swiss"]
[EventCountry "BLR"]
[SourceTitle "playchess.com"]
[Source "ChessBase"]
[SourceQuality "1"]
[TimeControl "900+10"]

1. d4 Nf6 2. c4 e6 3. Nc3 d5 4. e3 Be7 5. Nf3 O-O 6. cxd5 exd5 7. Bd3 b6 8. O-O Bb7 9. b3 Nbd7 10. Bb2 Ne4 11. Nd2 f5 12. f3 Nxc3 13. Bxc3 Bd6 14. Qc2 Qh4 15. f4 Qe7 16. Rae1 g6 17. Nf3 Rac8 18. Ne5 Bxe5 19. fxe5 Rf7 20. Rf3 Nf8 21. Ref1 Ne6 22. Rg3 Kh8 23. Qd2 c5 24. Be2 Qc7 25. h4 cxd4 26. Bxd4 Qc2 27. Rd1 Qxd2 28. Rxd2 Rfc7 29. Bd3 Rc1+ 30. Kh2 Bc6 31. h5 Be8 32. hxg6 hxg6 33. Rh3+ Kg7 34. Rg3 Kf7 35. Rf2 Ke7 36. Rh3 Bf7 37. Rh7 Ng5 38. Rh4 Rd1 39. Bb5 Ne6 40. Bb2 Ng5 41. Ba3+ Ke6 42. Bb2 Ne4 43. Rxe4 dxe4 44. Bc4+ Ke7 45. Ba3+ Ke8 46. Bb5+ Kd8 47. Ba6 Rc7 48. Rf4 Rc2 49. Bb5 a6 50. Bxa6 Rxa2 51. Rh4 Rxa3 52. Rh8+ Kd7 53. Bc8+ Ke7 54. Rh7 Rd8 55. Bb7 Rxb3 56. Bc6 Rxe3 57. Bb5 Rc3 58. Ba6 Rc5 59. Be2 Rxe5 0-1

[Event "Kupreichik Memorial Rapid 2019"]
[Site "Minsk"]
[Date "2019.08.15"]
[Round "1.37"]
[White "Siniauski, Artsiom"]
[Black "Harbuz, Yaraslau"]
[Result "1-0"]
[ECO "C64"]
[WhiteElo "2142"]
[BlackElo "1359"]
[Annotator "NA"]
[PlyCount "38"]
[EventDate "2019.08.15"]
[EventType "swiss"]
[EventCountry "BLR"]
[SourceTitle "playchess.com"]
[Source "ChessBase"]
[SourceQuality "1"]
[TimeControl "900+10"]

1. e4 e5 2. Nf3 Nc6 3. Bb5 Bc5 4. O-O Nge7 5. c3 a6 6. Ba4 b5 7. Bb3 Ng6 8. d4 exd4 9. cxd4 Ba7 10. Bg5 Nce7 11. Nc3 Bb7 12. Rc1 Rc8 13. a4 b4 14. Nd5 O-O 15. Ne5 Bxd5 16. Nxg6 hxg6 17. Bxd5 c6 18. Bc4 a5 19. d5 Re8 {time} 1-0

[Event "Kupreichik Memorial Rapid 2019"]
[Site "Minsk"]
[Date "2019.08.15"]
[Round "1.38"]
[White "Kasperovich, Mikhail"]
[Black "Zhukovskij, Viktor"]
[Result "0-1"]
[ECO "D15"]
[WhiteElo "1324"]
[BlackElo "2028"]
[Annotator "NA"]
[PlyCount "93"]
[EventDate "2019.08.15"]
[EventType "swiss"]
[EventCountry "BLR"]
[SourceTitle "playchess.com"]
[Source "ChessBase"]
[SourceQuality "1"]
[TimeControl "900+10"]

1. d4 Nf6 2. Nf3 d5 3. c4 c6 4. Nc3 a6 5. a4 e6 6. Bg5 a5 7. e3 Be7 8. Bd3 O-O 9. O-O Na6 10. Na2 b6 11. Qc2 h6 12. Bh4 Bb7 13. Ne5 c5 14. Rfd1 Rc8 15. Qe2 cxd4 16. cxd5 Qxd5 17. Nf3 Nc5 18. exd4 Nxd3 19. Qxd3 Rfd8 20. Nc3 Qh5 21. Bg3 Bxf3 22. Qxf3 Qxf3 23. gxf3 Rc4 24. Nb5 Nd5 25. Rdc1 Rdc8 26. Rxc4 Rxc4 27. b3 Rc2 28. Rb1 Bb4 29. Bd6 Bxd6 30. Nxd6 Kf8 31. Nc4 Rc3 32. Rd1 Rxb3 33. Kg2 Rb4 34. Rc1 Rxa4 35. Ne3 Rxd4 36. Rc8+ Ke7 37. Nxd5+ Rxd5 38. Rb8 b5 39. Rb7+ Kf6 40. f4 a4 41. Kf3 a3 42. Ke3 Rd1 43. Ra7 b4 44. Ke2 Rb1 45. Kd2 Rb2+ 46. Kd3 a2 47. Kd4 0-1

[Event "Kupreichik Memorial Rapid 2019"]
[Site "Minsk"]
[Date "2019.08.15"]
[Round "1.40"]
[White "Lavrishchev, Matvei"]
[Black "Sarbay, Aleksandr"]
[Result "0-1"]
[ECO "B34"]
[WhiteElo "1175"]
[BlackElo "2115"]
[Annotator "NA"]
[PlyCount "122"]
[EventDate "2019.08.15"]
[EventType "swiss"]
[EventCountry "BLR"]
[SourceTitle "playchess.com"]
[Source "ChessBase"]
[SourceQuality "1"]
[TimeControl "900+10"]

1. e4 c5 2. Nf3 Nc6 3. d4 cxd4 4. Nxd4 g6 5. Nc3 Bg7 6. Be3 Nf6 7. f3 O-O 8. Bc4 Qb6 9. Bb3 Nxe4 10. fxe4 Bxd4 11. Bxd4 Qxd4 12. Qxd4 Nxd4 13. O-O-O Nc6 14. Nd5 d6 15. Ba4 Bg4 16. Rd2 Rae8 17. h3 Bd7 18. Re1 Ne5 19. Bxd7 Nxd7 20. Nc7 Rc8 21. Nb5 a6 22. Nc3 Nb6 23. Nd5 Nxd5 24. exd5 Rc7 25. Rde2 Re8 26. Kd2 Kf8 27. Kd3 Rec8 28. b3 b5 29. Rf2 Rc3+ 30. Ke2 Rxc2+ 31. Kf1 Rxf2+ 32. Kxf2 Rc2+ 33. Re2 Rxe2+ 34. Kxe2 e6 35. Ke3 exd5 36. Kd4 Ke7 37. Kxd5 Kd7 38. h4 f5 39. g3 h6 40. b4 g5 41. h5 Kc7 42. a3 Kd7 43. Kd4 Ke6 44. g4 fxg4 45. Ke3 d5 46. Kf2 d4 47. Kg3 d3 48. Kf2 g3+ 49. Kf1 d2 50. Ke2 g2 51. Kxd2 g1=Q 52. a4 bxa4 53. b5 axb5 54. Kc3 Qc5+ 55. Kb2 b4 56. Ka2 a3 57. Kb3 a2 58. Kxa2 Qc2+ 59. Ka1 Qh2 60. Kb1 b3 61. Kc1 Qc2# {[%emt 0:00:02] Kd1 Ke5+} 0-1

[Event "Kupreichik Memorial Rapid 2019"]
[Site "Minsk"]
[Date "2019.08.15"]
[Round "2.11"]
[White "Sarbay, Aleksandr"]
[Black "Balashov, Yuri S"]
[Result "0-1"]
[ECO "C28"]
[WhiteElo "2115"]
[BlackElo "2474"]
[Annotator "ChessBase"]
[PlyCount "66"]
[EventDate "2019.08.15"]
[EventType "swiss"]
[EventCountry "BLR"]
[SourceTitle "playchess.com"]
[Source "ChessBase"]
[SourceQuality "1"]
[TimeControl "900+10"]

1. e4 e5 2. Nc3 Nc6 3. Bc4 Nf6 4. d3 Bc5 5. f4 d6 6. Nf3 a6 7. Nd5 Bg4 8. c3 O-O 9. f5 Nxd5 10. Bxd5 Ne7 11. Bb3 d5 12. Qe2 Nxf5 13. Bxd5 c6 14. Bb3 Nh4 15. Bd2 a5 16. a4 Qb6 17. Bc2 Qxb2 18. Rc1 Ng6 19. h3 Nf4 20. Bxf4 exf4 21. hxg4 Qxc1+ 22. Qd1 Qb2 23. d4 Qxc3+ 24. Qd2 Bb4 25. Qxc3 Bxc3+ 26. Ke2 Rfd8 27. e5 h6 28. g5 Bxd4 29. gxh6 gxh6 30. Rxh6 Bxe5 31. Nxe5 Re8 32. Rh5 f6 33. Bg6 Rxe5+ 0-1

[Event "Kupreichik Memorial Rapid 2019"]
[Site "Minsk"]
[Date "2019.08.15"]
[Round "2.16"]
[White "Mikhailovsky, Vladimir"]
[Black "Kharin, Mikhail"]
[Result "0-1"]
[ECO "A21"]
[WhiteElo "2209"]
[BlackElo "2156"]
[Annotator "NA"]
[PlyCount "128"]
[EventDate "2019.08.15"]
[EventType "swiss"]
[EventCountry "BLR"]
[SourceTitle "playchess.com"]
[Source "ChessBase"]
[SourceQuality "1"]
[TimeControl "900+10"]

1. c4 e5 2. Nc3 d6 3. g3 g6 4. Bg2 Bg7 5. Nf3 f5 6. e4 Nf6 7. exf5 gxf5 8. d4 e4 9. Nh4 O-O 10. O-O Nc6 11. Bg5 Qe8 12. h3 Bd7 13. Rc1 Rc8 14. Re1 Qf7 15. Ne2 Nb4 16. Nf4 h6 17. Bxf6 Bxf6 18. Nhg6 Rfe8 19. a3 Nc6 20. d5 Ne5 21. Nxe5 Bxe5 22. Qd2 Kh7 23. b4 Rg8 24. c5 Qf6 25. Rc2 Ba4 26. Rc4 Bb3 27. Rcc1 Ba4 28. c6 bxc6 29. dxc6 Qg5 30. h4 Bxf4 31. Qxf4 Qxf4 32. gxf4 Rg4 33. Re3 Rcg8 34. Rg3 Rxg3 35. fxg3 Rxg3 36. Kf2 Rxa3 37. Bf1 Rf3+ 38. Kg2 Rxf4 39. Ra1 Bxc6 40. Rxa7 e3+ 41. Kg1 Rg4+ 42. Kh2 Rg7 43. Ra3 Re7 44. Rc3 Bf3 45. Kg3 e2 46. Bxe2 Bxe2 47. Kf4 Bg4 48. b5 Kg6 49. b6 cxb6 50. Rc6 Re4+ 51. Kg3 Rd4 52. Rxb6 Rd3+ 53. Kg2 Kh5 54. Rb2 Kxh4 55. Kh2 Re3 56. Kg1 f4 57. Rh2+ Rh3 58. Rd2 Bf3 59. Rxd6 Kg3 60. Rg6+ Bg4 61. Ra6 Rh2 62. Ra3+ Bf3 63. Rxf3+ Kxf3 64. Kxh2 Ke2 0-1